 Dungeon Crawl Stone Soup version 0.29-a0-923-g6e406bff71 (webtiles) character file.

Game seed: 2614090421916732216

117 Plasmagod the Conjurer (level 4, -8/24 HPs)
             Began as a Deep Elf Conjurer on July 28, 2022.
             Killed by nerve-wracking pain
             ... invoked by Grinder
              (10 damage)
             ... on level 3 of the Dungeon.
             The game lasted 00:04:08 (2142 turns).

Plasmagod the Conjurer (Deep Elf Conjurer)          Turns: 2142, Time: 00:04:09

Health: -8/24      AC:  2    Str:  4    XL:     4   Next: 71%
Magic:  5/12       EV: 12    Int: 25    God:
Gold:   124        SH:  0    Dex: 13    Spells: 8/11 levels left

rFire   . . .      SeeInvis .   i - +0 dagger (speed)
rCold   . . .      Faith    .   (no shield)
rNeg    . . .      Spirit   .   a - +0 robe
rPois   .          Reflect  .   (no helmet)
rElec   .          Harm     .   (no cloak)
rCorr   .          Rampage  .   (no gloves)
Will    .....                   (no boots)
Stlth   ++........              (no amulet)
HPRegen 0.08/turn               m - ring of wizardry
MPRegen 0.13/turn               (no ring)

@: no status effects
A: no striking features
a: no special abilities


You were on level 3 of the Dungeon.
You visited 1 branch of the dungeon, and saw 3 of its levels.

You collected 137 gold pieces.
You spent 13 gold pieces at shops.

Inventory:

Hand Weapons
 i - a +0 dagger of speed (weapon)
Armour
 a - a +0 robe (worn)
Jewellery
 m - a ring of wizardry (left hand)
Wands
 o - a wand of light (8)
Scrolls
 c - a scroll of enchant armour {unknown}
 d - 2 scrolls of immolation {unknown}
 e - a scroll of amnesia {unknown}
 g - a scroll of vulnerability {unknown}
 h - a scroll of summoning {unknown}
 q - a scroll of acquirement {unknown}
 r - a scroll of poison {unknown}
 s - a scroll of teleportation {unknown}
 u - a scroll of blinking {unknown}
Potions
 b - a potion of magic
 f - 2 potions of heal wounds
 j - 2 potions of brilliance
 k - a potion of flight
 l - a potion of might
 n - a potion of ambrosia {unknown}
 p - a potion of attraction {unknown}
 t - 2 potions of curing {unknown}


   Skills:
 + Level 2.7 Dodging
 + Level 2.9 Stealth
 + Level 4.2 Spellcasting
 + Level 5.9 Conjurations


You had 8 spell levels left.
You knew the following spells:

 Your Spells              Type           Power      Damage    Failure   Level
a - Magic Dart            Conj           100%       1d8       1%          1
b - Searing Ray           Conj           70%        2d7       1%          2

Your spell library contained the following spells:

 Spells                   Type           Power      Damage    Failure   Level
 Dazzling Flash           Conj/Hex       40%        N/A       3%          3
 Fulminant Prism          Conj/Hex       10%        3d9       11%         4
 Iskenderun's Mystic Bla  Conj/Tloc      20%        2d6       11%         4


Dungeon Overview and Level Annotations

Branches:
Dungeon (3/15)

Altars:

Shops:
D:1 (   D:2 !

Annotations:
D:3 Grinder


Message History

Grinder comes into view.
Grinder shouts!
The magic dart hits Grinder!
Grinder is lightly wounded.
Grinder blinks!
The magic dart hits Grinder.
Grinder is lightly wounded.
The magic dart hits Grinder.
Grinder is moderately wounded.
The magic dart hits Grinder.
Grinder is moderately wounded.
Grinder blinks!
Casting: Magic Dart (safe; 1% risk of failure)
Confirm with . or Enter, or press ? or * to list all spells.
Aiming: Searing Ray (safe; 1% risk of failure)
Press: ? - help, Shift-Dir - straight line, f/p - Grinder
Aim: Grinder (moderately wounded, 78% to hit)
The searing ray hits Grinder.
Grinder is moderately wounded. (Press . to maintain the ray.)
The searing ray hits Grinder.
Grinder is heavily wounded.
Grinder gestures at you.
You suddenly lose the ability to move!
Grinder hits you.
You writhe in agony.
Grinder hits you.
You writhe in agony.
Grinder hits you!
* * * LOW HITPOINT WARNING * * *
You can move again.
Casting: Searing Ray (safe; 1% risk of failure)
Confirm with . or Enter, or press ? or * to list all spells.
Aiming: Searing Ray (safe; 1% risk of failure)
Press: ? - help, Shift-Dir - straight line, f/p - Grinder
Aim: Grinder (heavily wounded, 78% to hit)
The searing ray hits Grinder.
Grinder is severely wounded. (Press . to maintain the ray.) Grinder gestures at you.
Pain shoots through your body!
You die...

...#.#.#.#
##.#.#.#.# ...
...#.#.#.# ...
####...#.# #.#
..<#...#.#######.#
####..........##.##
.....#..........<.#
######..#_#.......#
.......#.)..5@.#
######..#.......#
...##.......#
######.......#
#.......# #.......#
#.......# #.......#
#########


You could see Grinder.

Vanquished Creatures
  An iguana (D:2)
  4 adders (D:2)
  A worm (D:2)
  2 dart slugs (D:1)
  4 ball pythons (D:1)
  5 bats
  6 endoplasms
  A giant cockroach (D:2)
  5 goblins
  3 hobgoblins
  3 jackals (D:2)
  4 frilled lizards
  7 kobolds
  A rat (D:2)
47 creatures vanquished.

Notes
Turn   | Place    | Note
-------+----------+-------------------------------------------
     0 | D:1      | Plasmagod the Deep Elf Conjurer began the quest for the
                  | Orb.
     0 | D:1      | Reached XP level 1. HP: 10/10 MP: 6/6
   175 | D:1      | Reached XP level 2. HP: 15/15 MP: 1/8
   369 | D:1      | Reached skill level 5 in Conjurations
   708 | D:1      | Found Pafaash's Weapon Boutique.
   739 | D:1      | Learned a level 2 spell: Searing Ray
   927 | D:2      | Reached XP level 3. HP: 19/19 MP: 5/9
  1164 | D:2      | Reached XP level 4. HP: 24/24 MP: 7/11
  1604 | D:2      | Found Udodo's Distillery.
  1620 | D:2      | Bought a potion of degeneration for 13 gold pieces
  2102 | D:3      | Found a faded altar of an unknown god.
  2127 | D:3      | Noticed Grinder
  2138 | D:3      | Paralysed by Grinder for 4 turns
  2142 | D:3      | Killed from afar by Grinder

Illustrated notes

Levels and vault maps discovered:
D:1:      dpeg_arrival_connections, layout_basic, serial_shops, shop
D:2:      layout_loops_ring, serial_shops,
          nicolae_shop_competitors_out_of_business
D:3:      kennysheep_six_static_rooms, layout_basic, serial_shops,
          nicolae_shop_hallway_stairs, shop, shop,
          ebering_ecumenical_altar_rust, uniq_grinder

Skill      XL: |  1  2  3  4 |
---------------+-------------+-----
Conjurations   | 5 |  5.9
Spellcasting   | 4 |  4.2
Dodging        | |  2.7
Stealth        | |  2.9

Action                   |  1- 3 |  4- 6 || total
-------------------------+-------+-------++-------
 Cast: Magic Dart        |    52 |    35 ||    87
       Searing Ray       |     1 |     6 ||     7
  Use: Scroll            |       |     4 ||     4
Armor: Robe              |       |     1 ||     1
Dodge: Dodged            |     5 |     1 ||     6

Table legend: (Time is in decaauts)
 A = Elapsed time spent in this place.
 B = Non-inter-level travel time spent in this place.
 C = Inter-level travel time spent in this place.
 D = Time resting spent in this place.
 E = Time spent auto-exploring this place.
 F = Levels seen in this place.
 G = Mean time per level.
                   A        B        C        D        E       F      G
               +--------+--------+--------+--------+--------+-----+--------+
         Total |   2140 |   2121 |     19 |      0 |   1908 |   3 |  713.3 |
       Dungeon |   2140 |   2121 |     19 |      0 |   1908 |   3 |  713.3 |
               +--------+--------+--------+--------+--------+-----+--------+

Top non-repeatable levels by time:
     D:2: 1051 daAuts
     D:1: 921 daAuts
     D:3: 167 daAuts
